 Dungeon Crawl Stone Soup version 0.28-a0-1389-gc726bef33b (webtiles) character file.

Game seed: 14672084294542657626

36 eustatius the Conjurer (level 3, -1/19 HPs)
             Began as a Kobold Conjurer on Jan 4, 2022.
             Slain by Jessica (8 damage)
             ... on level 2 of the Dungeon.
             The game lasted 00:07:26 (1795 turns).

eustatius the Conjurer (Kobold Conjurer)            Turns: 1795, Time: 00:07:26

Health: -1/19      AC:  3    Str:  4    XL:     3   Next: 57%
Magic:  6/6        EV: 14    Int: 21    God:
Gold:   63         SH:  0    Dex: 13    Spells: 5/6 levels left

rFire   . . .      SeeInvis .   i - +1 short sword (venom)
rCold   . . .      Faith    .   (no shield)
rNeg    . . .      Spirit   .   a - +0 robe
rPois   .          Reflect  .   (no helmet)
rElec   .          Harm     .   (no cloak)
rCorr   .          Rampage  .   (no gloves)
Will    .....                   b - +0 pair of boots
Stlth   +++.......              (no amulet)
HPRegen 0.06/turn               (no ring)
MPRegen 0.10/turn               (no ring)

@: no status effects
A: small, no large weapons, nightstalker 3
a: no special abilities


You were on level 2 of the Dungeon.
You visited 1 branch of the dungeon, and saw 2 of its levels.

You collected 63 gold pieces.

Inventory:

Hand Weapons
 c - a +0 short sword
 d - a +0 dagger
 e - a +0 spear
 i - a +1 short sword of venom (weapon)
Missiles
 j - 8 stones
 l - 22 sling bullets
Armour
 a - a +0 robe (worn)
 b - a +0 pair of boots (worn)
Scrolls
 f - a scroll of brand weapon {unknown}
 g - a scroll of magic mapping {unknown}
 h - a scroll of identify {unknown}
Potions
 k - a potion of curing {unknown}


   Skills:
 + Level 0.1 Fighting
 + Level 1.0 Short Blades
 + Level 2.5 Dodging
 + Level 3.0 Stealth
 + Level 2.4 Spellcasting
 + Level 4.7 Conjurations


You had 5 spell levels left.
You knew the following spells:

 Your Spells              Type           Power      Damage    Failure   Level
a - Magic Dart            Conj           88%        1d7       1%          1

Your spell library contained the following spells:

 Spells                   Type           Power      Damage    Failure   Level
 Searing Ray              Conj           44%        2d6       3%          2
 Dazzling Flash           Conj/Hex       24%        N/A       16%         3
 Fulminant Prism          Conj/Hex       6%         3d7       47%         4
 Iskenderun's Mystic Bla  Conj/Tloc      12%        2d5       47%         4


Dungeon Overview and Level Annotations

Branches:
Dungeon (2/15)

Altars:

Annotations:
D:2 Jessica, Robin


Innate Abilities, Weirdness & Mutations

You are small and have problems with some larger weapons.
You are completely attuned to the shadows.


Message History

HP restored.
Things that are here:
a +1 dagger of venom; a goblin corpse
Found 22 sling bullets.
You see here 22 sling bullets.
l - 22 sling bullets
Found 9 gold pieces.
You now have 63 gold pieces (gained 9).
A hobgoblin comes into view.
The hobgoblin shouts!
A hobgoblin is nearby!
Jessica the Apprentice Sorceress comes into view.
She is wielding a +1 dagger of electrocution.
Found a blue potion.
The hobgoblin hits you.
Jessica shouts!
You hit the hobgoblin but do no damage.
You hear a shout!
The hobgoblin closely misses you.
You hit the hobgoblin.
The hobgoblin is severely wounded.
The hobgoblin closely misses you.
You hit the hobgoblin.
You kill the hobgoblin!
Jessica misses you.
Your Stealth skill increases to level 3!
Jessica hits you with a +1 dagger of electrocution.
You are electrocuted!
A gnoll comes into view. It is wielding a +0 whip.
You see here a scroll labelled YJEAHEVODO.
You hit Jessica.
Jessica is lightly wounded.
Jessica completely misses you.
You hit Jessica but do no damage.
Jessica is poisoned.
Jessica is lightly wounded.
Jessica barely misses you.
You barely miss Jessica.
Jessica is lightly wounded.
Jessica misses you.
You hit Jessica but do no damage.
Jessica looks as sick as possible!
Jessica hits you with a +1 dagger of electrocution!
You die...

#.......#.
.........!
#..........#
#...@..#.#.#
...g@..#.#.#
#.#.##.#.#.######
...............#
.........#.####.##
##.#####.#.###...##
#.#.##.....#
#.#.#.......#
#.#..........
#..........


You could see a gnoll and Jessica (extremely poisoned).

Vanquished Creatures
  3 dart slugs (D:1)
  3 ball pythons
  2 bats
  An endoplasm (D:1)
  2 giant cockroaches (D:1)
  A goblin (D:2)
  2 hobgoblins (D:2)
  4 kobolds (D:1)
  4 quokkas (D:1)
  2 frilled lizards (D:1)
  3 rats (D:1)
27 creatures vanquished.

Notes
Turn   | Place    | Note
-------+----------+-------------------------------------------
     0 | D:1      | eustatius the Kobold Conjurer began the quest for the Orb.
     0 | D:1      | Reached XP level 1. HP: 10/10 MP: 3/3
   656 | D:1      | Reached XP level 2. HP: 13/15 MP: 3/5
  1088 | D:1      | Reached XP level 3. HP: 19/19 MP: 3/6
  1541 | D:2      | Noticed Robin
  1641 | D:2      | Reached skill level 1 in Short Blades
  1786 | D:2      | Noticed Jessica
  1795 | D:2      | Slain by Jessica

Illustrated notes

Levels and vault maps discovered:
D:1:      lemuel_arrival_hallway, layout_basic
D:2:      layout_loops_ring, chequers_avenue, uniq_robin,
          uniq_crazy_yiuf_cottage, uniq_jessica

Skill      XL: |  1  2  3 |
---------------+----------+-----
Short Blades   | 1 |  1.0
Stealth        | 3 |  3.0
Fighting       | |  0.1
Dodging        | |  2.5
Spellcasting   | |  2.4
Conjurations   | |  4.7

Action                   || total
-------------------------++-------
Melee: Short sword       ||    31
       Unarmed           ||     2
       Dagger            ||    12
 Cast: Magic Dart        ||    31
 Stab: Sleeping          ||     3
Armor: Robe              ||     9
Dodge: Dodged            ||    36

Table legend: (Time is in decaauts)
 A = Elapsed time spent in this place.
 B = Non-inter-level travel time spent in this place.
 C = Inter-level travel time spent in this place.
 D = Time resting spent in this place.
 E = Time spent auto-exploring this place.
 F = Levels seen in this place.
 G = Mean time per level.
                   A        B        C        D        E       F      G
               +--------+--------+--------+--------+--------+-----+--------+
         Total |   1796 |   1723 |     73 |    458 |    587 |   2 |  898.0 |
       Dungeon |   1796 |   1723 |     73 |    458 |    587 |   2 |  898.0 |
               +--------+--------+--------+--------+--------+-----+--------+

Top non-repeatable levels by time:
     D:1: 1614 daAuts
     D:2: 182 daAuts
